 Dungeon Crawl Stone Soup version 0.25-a0-489-g9ae84a01e3 (webtiles) character file.

Game seed: 12274007203073198048, levelgen mode: deterministic

211 Emblim88 the Skirmisher (level 5, 0/47 HPs)
             Began as a Hill Orc Abyssal Knight on Feb 11, 2020.
             Was a Believer of Lugonu.
             Slain by Pikel
             ... wielding a +2 whip of freezing
              (4 damage)
             ... on level 3 of the Dungeon.
             The game lasted 00:08:36 (2759 turns).

Emblim88 the Skirmisher (Hill Orc Abyssal Knight)   Turns: 2759, Time: 00:08:37

Health: 0/47       AC: 10    Str: 21    XL:     5   Next: 88%
Magic:  7/7        EV: 10    Int: 12    God:    Lugonu [**....]
Gold:   119        SH:  4    Dex: 10    Spells: 4/4 levels left

rFire    . . .     SeeInvis .   v - +0 broad axe
rCold    . . .     Gourm    .   g - +0 buckler
rNeg     . . .     Faith    .   j - +0 ring mail {rPois}
rPois    +         Spirit   .   (no helmet)
rElec    .         Reflect  .   (no cloak)
rCorr    .         Harm     .   (no gloves)
MR       .....                  h - +0 pair of boots
Stlth    ..........             (no amulet)
HPRegen  0.15/turn              n - +4 ring of protection
MPRegen  0.10/turn              (no ring)

@: mighty, very slightly contaminated, invisible
A: no striking features
a: Depart the Abyss, Bend Space, Renounce Religion


You were on level 3 of the Dungeon.
You worshipped Lugonu.
Lugonu was pleased with you.
You were hungry.

You visited 1 branch of the dungeon, and saw 4 of its levels.
You visited the Abyss 1 time.

You collected 119 gold pieces.

Inventory:

Hand Weapons
 a - a +2 hand axe
 v - a +0 broad axe (weapon)
Missiles
 b - 6 poisoned darts (quivered)
 o - 64 stones
 w - 5 javelins
Armour
 g - a +0 buckler (worn)
 h - a +0 pair of boots (worn)
 j - a +0 ring mail of poison resistance (worn)
Jewellery
 n - a +4 ring of protection (left hand)
Scrolls
 f - 2 scrolls of enchant weapon
 p - a scroll of magic mapping
 q - 4 scrolls of remove curse
 x - a scroll of blinking
Potions
 d - 3 potions of heal wounds {unknown}
 e - a potion of agility {unknown}
 m - a potion of curing {unknown}
 u - a potion of berserk rage {unknown}
 z - a potion of cancellation {unknown}
Comestibles
 c - 9 rations


   Skills:
 + Level 4.6 Fighting
 + Level 4.0 Axes
 + Level 3.4 Armour
 - Level 1.6 Dodging
 + Level 2.1 Shields
 + Level 3.7 Invocations


You had 4 spell levels left.
You didn't know any spells.
Your spell library was empty.

Dungeon Overview and Level Annotations

Branches:
Dungeon (4/15)
 Temple: D:4-7

Altars:
Dithmenos

Annotations:
D:3 Pikel


Message History

* * * LOW HITPOINT WARNING * * *
Something hits you but does no damage.
You fade into invisibility!
You block the slave's attack. Something hits you but does no damage.
You are very lightly contaminated with residual magic.
You are feeling hungry.
You barely miss the slave.
The slave is severely wounded.
You closely miss something. The slave barely misses you.
Something hits you but does no damage. The slave barely misses you.
You slash the slave!
You kill the slave!
That felt strangely unrewarding.
You closely miss something. Something hits you.
* * * LOW HITPOINT WARNING * * *
Something freezes you.
* * * LOW HITPOINT WARNING * * *
You feel very mighty all of a sudden. Something hits you.
You die...

###########.#### ######
####### #.........#....#
.....###.....#
#.........#.#.##
####..##.....# #...........#.#
##.##.....# #########.#...#
#..#.....# #....#.###
##.#.....# #.#..#.#
######.......##########.#....#
................@{.........###
#.#####..#+####.........#..#
).....##.#.# #.........#..#
#####+#....# #......#..#..#
..........## #......#.....####
..........# #...#..#)..#....#
..........## #...#........##.#
...........# ##'.#.##.....##.#
.........#.## #....##.######.#


There were no monsters in sight!

Vanquished Creatures
  2 slaves (D:3)
  A bullfrog skeleton (D:4)
  Terence (D:2)
  6 adders
  3 oozes
  4 worms (D:2)
  A dart slug (D:1)
  A leopard gecko (D:2)
  2 orcs (D:3)
  5 bats
  8 giant cockroaches
  5 goblins
  5 hobgoblins
  7 jackals
  2 quokkas (D:3)
  2 ball pythons
  6 frilled lizards
  10 kobolds
  14 rats
85 creatures vanquished.

Notes
Turn   | Place    | Note
-------+----------+-------------------------------------------
     0 | Abyss:1  | Emblim88 the Hill Orc Abyssal Knight began the quest for
                  | the Orb.
     0 | Abyss:1  | Reached XP level 1. HP: 19/19 MP: 2/2
    87 | Abyss:1  | Noticed a quasit
    89 | D:1      | Escaped the Abyss
   156 | D:1      | Reached skill level 1 in Dodging
   156 | D:1      | Reached XP level 2. HP: 8/27 MP: 3/3
   158 | D:1      | Reached * piety under Lugonu
   502 | D:1      | Reached XP level 3. HP: 27/33 MP: 5/5
   898 | D:2      | Reached XP level 4. HP: 36/40 MP: 6/6
   914 | D:2      | Reached skill level 1 in Shields
   969 | D:2      | Reached ** piety under Lugonu
  1024 | D:2      | Noticed Terence
  1063 | D:2      | Killed Terence
  1454 | D:2      | Reached XP level 5. HP: 47/47 MP: 7/7
  1457 | D:2      | Found a shadowy altar of Dithmenos.
  2629 | D:4      | Noticed a slave
  2654 | D:3      | Killed a slave
  2733 | D:4      | Noticed Pikel
  2734 | D:4      | Noticed a slave
  2737 | D:4      | Noticed a slave
  2738 | D:4      | Noticed a slave
  2758 | D:3      | Killed a slave
  2759 | D:3      | Slain by Pikel

Levels and vault maps discovered:
D:1:      tarquinn_simple_flora_water_d, layout_rooms
D:2:      minmay_door_path, layout_basic, grunt_dithmenos_smoke, serial_forest,
          infiniplex_forest_clump_long, infiniplex_forest_lined_3,
          infiniplex_forest_clump_C, infiniplex_forest_straight_1,
          infiniplex_forest_lined_ring, infiniplex_forest_clump_medium,
          first_ration, roderic_cross_of_infinity, uniq_terence
D:3:      layout_basic, minmay_misc_feat_columns, minmay_misc_feat_encased
D:4:      layout_cave_pools, grunt_gozag_statues, minmay_temple_entry_glass,
          uniq_pikel, uniq_robin, uniq_ijyb, uniq_natasha

Skill      XL: |  1  2  3  4  5 |
---------------+----------------+-----
Dodging        | 1 |  1.6
Axes           | 3 4 |  4.0
Fighting       | 4 |  4.6
Invocations    | 3 |  3.7
Shields        | 1 2 |  2.1
Armour         | 3 |  3.4

Action                   |  1- 3 |  4- 6 || total
-------------------------+-------+-------++-------
Melee: Hand axe          |   123 |   170 ||   293
       Broad axe         |       |    34 ||    34
Throw: Dart              |       |    14 ||    14
Invok: Depart the Abyss  |     1 |       ||     1
  Use: Scroll            |       |    12 ||    12
       Potion            |       |     2 ||     2
  Eat: Chunk             |       |     6 ||     6
Armor: Leather armour    |     8 |       ||     8
       Chain mail        |    71 |   130 ||   201
       Ring mail         |       |     7 ||     7
Dodge: Dodged            |    51 |    65 ||   116
Block: Buckler           |    18 |    26 ||    44

Table legend:
 A = Non-vault XP
 B = Vault XP
 C = Vault XP percentage of total XP
 D = Non-vault monster count
 E = Vault monster count
 F = Vault count percentage of total count
                 A         B        C        D         E       F
            +---------+---------+-------+---------+---------+-------
      Total |     258 |      44 |  14.6 |      79 |       4 |   4.8
            +---------+---------+-------+---------+---------+-------
        D:1 |      47 |       0 |   0.0 |      30 |       0 |   0.0
        D:2 |     118 |      44 |  27.2 |      29 |       4 |  12.1
        D:3 |      46 |       0 |   0.0 |      18 |       0 |   0.0
        D:4 |      47 |       0 |   0.0 |       2 |       0 |   0.0
            +---------+---------+-------+---------+---------+-------
